[ AOE2 MATCH · #470681220 ]
Team RMByzantines vs Slavs
[ REPLAY ANALYSIS · EXTRACTED FROM THE RECORDED GAME ]
Feudal
12:14
Castle
21:58
Imperial
—
| APM avg | 10.6 |
| APM peak | 28 |
| eAPM avg | 8.5 |
| Villagers / military | 74 / 0 |
Focus
⚔️ 13.9% · 🌾 86.1%
Feudal
—
Castle
—
Imperial
—
| APM avg | 0.1 |
| APM peak | 3 |
| eAPM avg | 0.1 |
| Villagers / military | 0 / 0 |
Feudal
12:00
Castle
18:45
Imperial
—
| APM avg | 24.8 |
| APM peak | 112 |
| eAPM avg | 8.4 |
| Villagers / military | 50 / 21 |
Focus
⚔️ 8.1% · 🌾 91.9%
Teutonic Knight ×21
Feudal
15:13
Castle
22:27
Imperial
—
| APM avg | 8.2 |
| APM peak | 21 |
| eAPM avg | 5.2 |
| Villagers / military | 62 / 12 |
Focus
⚔️ 11.2% · 🌾 88.8%
Spearman ×12
Feudal
13:21
Castle
17:43
Imperial
—
| APM avg | 18.7 |
| APM peak | 57 |
| eAPM avg | 8.6 |
| Villagers / military | 46 / 24 |
Focus
⚔️ 24.8% · 🌾 75.2%
Boyar ×13 · Spearman ×10 · Monk ×1
Feudal
11:17
Castle
17:47
Imperial
—
| APM avg | 18.9 |
| APM peak | 58 |
| eAPM avg | 9.8 |
| Villagers / military | 61 / 0 |
Focus
⚔️ 7.7% · 🌾 92.3%
Feudal
15:58
Castle
20:04
Imperial
—
| APM avg | 17.3 |
| APM peak | 63 |
| eAPM avg | 7.1 |
| Villagers / military | 69 / 15 |
Focus
⚔️ 10.9% · 🌾 89.1%
Longbowman ×15
Feudal
8:09
Castle
12:23
Imperial
16:24
| APM avg | 13.5 |
| APM peak | 38 |
| eAPM avg | 9.8 |
| Villagers / military | 71 / 105 |
Focus
⚔️ 26.0% · 🌾 74.0%
Knight ×79 · Tarkan ×26
Match map
Resources at game start + every placement click. Thick line = wall · dashed box = detected house wall. 🟡 gold · ⚪ stone · 🟢 berries · 🔶 boar · ⭕ relic
Inputs per minute
— 喜多川海梦 - - go
Build order — 喜多川海梦
132 actions detected in the replay
| 0:06 | Build | House |
| 0:06 | Build | House |
| 0:08 | Build | House |
| 0:26 | Create | Villager (Male) ×4 |
| 1:24 | Build | House |
| 1:50 | Create | Villager (Male) |
| 2:31 | Create | Villager (Male) |
| 2:43 | Build | Mill |
| 2:58 | Create | Villager (Male) |
| 2:58 | Create | Villager (Male) |
| 3:14 | Create | Villager (Male) |
| 3:15 | Create | Villager (Male) |
| 3:31 | Create | Villager (Male) |
| 3:51 | Create | Villager (Male) |
| 4:38 | Create | Villager (Male) |
| 4:42 | Create | Villager (Male) |
| 4:42 | Create | Villager (Male) |
| 6:59 | Create | Villager (Male) |
| 6:59 | Create | Villager (Male) |
| 6:59 | Create | Villager (Male) |
| 7:00 | Create | Villager (Male) |
| 7:00 | Create | Villager (Male) |
| 7:00 | Create | Villager (Male) |
| 7:00 | Create | Villager (Male) |
| 7:33 | Build | Farm |
| 7:33 | Build | Farm |
| 7:34 | Build | Farm |
| 7:59 | Build | Farm |
| 8:26 | Build | Lumber Camp |
| 9:40 | Build | Farm |
| 9:41 | Build | Farm |
| 10:04 | Research | Feudal Age |
| 10:51 | Build | House |
| 10:52 | Build | House |
| 10:53 | Build | House |
| 10:55 | Build | House |
| 10:57 | Build | House |
| 11:54 | Build | Mill |
| 12:08 | Create | Villager (Male) |
| 12:08 | Create | Villager (Male) |
| 12:08 | Create | Villager (Male) |
| 12:08 | Create | Villager (Male) |
| 12:09 | Create | Villager (Male) |
| 12:09 | Create | Villager (Male) |
| 12:09 | Create | Villager (Male) |
| 12:09 | Create | Villager (Male) |
| 12:10 | Create | Villager (Male) |
| 12:10 | Create | Villager (Male) |
| 12:10 | Create | Villager (Male) |
| 12:10 | Create | Villager (Male) |
| 12:14 | Age | Feudal Age |
| 12:34 | Build | Mining Camp |
| 13:37 | Research | Double-Bit Axe |
| 14:38 | Build | Farm |
| 14:38 | Build | Farm |
| 14:39 | Build | Farm |
| 14:40 | Build | Farm |
| 15:14 | Build | Farm |
| 15:20 | Research | Horse Collar |
| 15:39 | Build | Farm |
| 16:06 | Build | Mining Camp |
| 16:17 | Build | Farm |
| 16:30 | Build | Farm |
| 16:57 | Build | Farm |
| 16:59 | Create | Villager (Male) |
| 16:59 | Create | Villager (Male) |
| 17:17 | Create | Villager (Male) |
| 17:17 | Create | Villager (Male) |
| 17:47 | Build | Blacksmith |
| 18:23 | Build | Market |
| 18:39 | Create | Villager (Male) |
| 19:13 | Create | Villager (Male) |
| 19:18 | Research | Castle Age |
| 19:38 | Build | Barracks |
| 20:36 | Build | Stable |
| 21:26 | Build | Stable |
| 21:38 | Research | Forging |
| 21:58 | Age | Castle Age |
| 22:13 | Build | Town Center |
| 22:31 | Create | Villager (Male) |
| 22:32 | Create | Villager (Male) |
| 22:32 | Create | Villager (Male) |
| 22:32 | Create | Villager (Male) |
| 22:32 | Create | Villager (Male) |
| 22:32 | Create | Villager (Male) |
| 23:31 | Research | Husbandry |
| 24:06 | Build | Town Center |
| 24:10 | Research | Bow Saw |
| 24:13 | Research | Heavy Plow |
| 24:21 | Create | Villager (Male) |
| 24:22 | Create | Villager (Male) |
| 24:22 | Create | Villager (Male) |
| 24:22 | Create | Villager (Male) |
| 24:22 | Create | Villager (Male) |
| 24:23 | Create | Villager (Male) |
| 24:57 | Build | Castle |
| 25:13 | Create | Villager (Male) ×5 |
| 25:21 | Research | Stone Mining |
| 25:23 | Research | Gold Mining |
| 25:41 | Create | Villager (Male) ×5 |
| 25:59 | Build | House |
| 26:00 | Build | House |
| 26:00 | Build | House |
| 26:01 | Build | House |
| 26:02 | Build | House |
| 26:02 | Build | House |
| 26:36 | Build | Mill |
| 26:47 | Build | Farm |
| 27:05 | Build | Farm |
| 27:32 | Build | Lumber Camp |
| 27:45 | Research | Imperial Age |
| 27:48 | Create | Villager (Male) ×5 |
| 27:53 | Create | Villager (Male) ×5 |
| 28:05 | Build | Farm |
| 28:05 | Build | Farm |
| 28:05 | Build | Farm |
| 28:05 | Build | Farm |
| 28:06 | Build | Farm |
| 28:08 | Build | Farm |
| 28:09 | Build | Farm |
| 28:09 | Build | Farm |
| 28:09 | Build | Farm |
| 28:10 | Build | Farm |
| 28:11 | Build | Farm |
| 28:58 | Create | Villager (Male) |
| 28:59 | Create | Villager (Male) |
| 29:07 | Build | Farm |
| 29:26 | Build | House |
| 29:26 | Build | House |
| 29:27 | Build | House |
| 29:28 | Build | House |
| 29:28 | Build | House |
Build order — go
0 actions detected in the replay
Build order — Tsukitech
96 actions detected in the replay
| 0:07 | Build | House |
| 0:13 | Build | House |
| 0:18 | Create | Villager (Male) |
| 0:18 | Create | Villager (Male) |
| 0:51 | Create | Villager (Male) |
| 1:14 | Create | Villager (Male) |
| 2:04 | Create | Villager (Male) |
| 2:48 | Create | Villager (Male) |
| 2:48 | Create | Villager (Male) |
| 3:30 | Create | Villager (Male) |
| 3:31 | Create | Villager (Male) |
| 4:32 | Create | Villager (Male) |
| 4:32 | Create | Villager (Male) |
| 5:09 | Create | Villager (Male) |
| 5:16 | Create | Villager (Male) |
| 5:43 | Build | House |
| 5:57 | Build | Mill |
| 6:46 | Build | Farm |
| 7:13 | Build | Lumber Camp |
| 8:11 | Build | Farm |
| 9:50 | Research | Feudal Age |
| 10:53 | Create | Villager (Male) |
| 10:53 | Create | Villager (Male) |
| 10:54 | Create | Villager (Male) |
| 11:40 | Create | Villager (Male) |
| 11:43 | Create | Villager (Male) |
| 11:45 | Create | Villager (Male) |
| 12:00 | Age | Feudal Age |
| 12:12 | Build | Blacksmith |
| 12:21 | Build | Market |
| 13:18 | Build | Mill |
| 13:50 | Build | House |
| 13:51 | Build | House |
| 13:54 | Build | House |
| 14:00 | Build | Mining Camp |
| 14:15 | Build | Farm |
| 14:17 | Build | Farm |
| 14:20 | Build | Farm |
| 14:23 | Build | Farm |
| 16:05 | Research | Castle Age |
| 18:23 | Create | Villager (Male) |
| 18:23 | Create | Villager (Male) |
| 18:23 | Create | Villager (Male) |
| 18:23 | Create | Villager (Male) |
| 18:24 | Create | Villager (Male) |
| 18:45 | Age | Castle Age |
| 18:46 | Research | Horse Collar |
| 18:49 | Research | Forging |
| 19:05 | Create | Villager (Male) |
| 19:34 | Build | Castle |
| 20:01 | Build | Mining Camp |
| 20:09 | Create | Villager (Male) |
| 20:37 | Build | Town Center |
| 21:23 | Build | Farm |
| 21:26 | Create | Villager (Male) |
| 21:26 | Create | Villager (Male) |
| 21:26 | Create | Villager (Male) |
| 22:01 | Create | Villager (Male) |
| 22:06 | Research | Gold Mining |
| 22:07 | Research | Stone Mining |
| 22:11 | Research | Heavy Plow |
| 22:45 | Create | Villager (Male) |
| 22:52 | Build | Farm |
| 22:54 | Build | Farm |
| 22:56 | Build | Farm |
| 23:08 | Create | Villager (Male) |
| 23:08 | Create | Villager (Male) |
| 23:12 | Create | Villager (Male) |
| 23:35 | Build | Farm |
| 23:51 | Create | Villager (Male) ×4 |
| 24:18 | Create | Villager (Male) ×2 |
| 24:24 | Build | Farm |
| 24:34 | Build | Farm |
| 24:56 | Build | Farm |
| 25:17 | Build | Castle |
| 25:37 | Build | Mining Camp |
| 26:03 | Create | Villager (Male) ×5 |
| 26:26 | Research | Iron Casting |
| 26:27 | Research | Scale Mail Armor |
| 26:37 | Build | Farm |
| 26:38 | Build | Farm |
| 26:43 | Build | Farm |
| 27:17 | Build | Farm |
| 27:24 | Create | Villager (Male) ×5 |
| 28:00 | Build | Farm |
| 28:06 | Build | Farm |
| 28:28 | Build | Farm |
| 28:30 | Build | Farm |
| 28:38 | Build | Farm |
| 28:39 | Build | Farm |
| 28:52 | Build | Barracks |
| 29:21 | Create | Teutonic Knight ×5 |
| 29:21 | Create | Teutonic Knight ×5 |
| 29:22 | Create | Teutonic Knight ×5 |
| 29:22 | Create | Teutonic Knight ×5 |
| 29:22 | Create | Teutonic Knight |
Build order — Yolgezer442
81 actions detected in the replay
| 0:15 | Build | House |
| 0:16 | Build | House |
| 0:18 | Research | Loom |
| 0:19 | Create | Villager (Male) ×4 |
| 1:58 | Create | Villager (Male) |
| 2:38 | Create | Villager (Male) |
| 4:12 | Create | Villager (Male) ×3 |
| 4:52 | Create | Villager (Male) ×2 |
| 5:42 | Create | Villager (Male) ×2 |
| 6:11 | Build | House |
| 7:02 | Build | House |
| 7:03 | Build | House |
| 7:11 | Create | Villager (Male) ×4 |
| 7:31 | Build | Lumber Camp |
| 8:41 | Build | Mill |
| 9:08 | Create | Villager (Male) ×3 |
| 9:30 | Create | Villager (Male) |
| 10:14 | Create | Villager (Male) ×2 |
| 11:57 | Build | Barracks |
| 12:13 | Create | Villager (Male) |
| 12:16 | Create | Villager (Male) |
| 13:00 | Research | Feudal Age |
| 13:25 | Build | Mining Camp |
| 13:38 | Create | Villager (Male) ×3 |
| 15:13 | Age | Feudal Age |
| 15:24 | Research | Horse Collar |
| 15:28 | Research | Double-Bit Axe |
| 15:33 | Research | Man-at-Arms (upgrade) |
| 15:39 | Build | Blacksmith |
| 15:44 | Build | Archery Range |
| 15:53 | Build | Farm |
| 16:08 | Build | Farm |
| 16:20 | Build | Mining Camp |
| 16:34 | Build | Farm |
| 16:37 | Build | Farm |
| 16:40 | Build | Farm |
| 16:43 | Build | Farm |
| 16:49 | Build | Farm |
| 16:53 | Build | Farm |
| 16:57 | Research | Town Watch |
| 17:01 | Build | Farm |
| 17:31 | Build | Farm |
| 17:38 | Build | Farm |
| 17:40 | Build | Farm |
| 17:42 | Build | Farm |
| 17:45 | Build | Farm |
| 17:48 | Build | Farm |
| 17:49 | Build | Farm |
| 18:05 | Create | Spearman |
| 18:06 | Create | Spearman |
| 18:26 | Research | Gold Mining |
| 18:38 | Build | Barracks |
| 19:47 | Research | Castle Age |
| 20:07 | Research | Stone Mining |
| 20:34 | Build | Mining Camp |
| 21:15 | Create | Villager (Male) ×5 |
| 22:27 | Age | Castle Age |
| 22:30 | Create | Villager (Male) ×5 |
| 22:40 | Research | Stone Shaft Mining |
| 22:51 | Research | Squires |
| 22:53 | Research | Long Swordsman (upgrade) |
| 23:23 | Build | Town Center |
| 23:34 | Research | Pikeman (upgrade) |
| 24:46 | Build | Castle |
| 25:06 | Create | Villager (Male) ×5 |
| 25:13 | Research | Bow Saw |
| 25:23 | Research | Heavy Plow |
| 25:35 | Create | Villager (Male) |
| 26:17 | Build | Town Center |
| 26:35 | Build | Farm |
| 26:52 | Research | Wheelbarrow |
| 26:55 | Create | Villager (Male) ×5 |
| 27:00 | Build | Mining Camp |
| 27:26 | Create | Villager (Male) ×5 |
| 28:09 | Build | Town Center |
| 28:20 | Create | Villager (Male) ×5 |
| 28:30 | Create | Spearman ×5 |
| 28:37 | Create | Spearman ×5 |
| 28:51 | Create | Villager (Male) |
| 28:51 | Create | Villager (Male) |
| 28:56 | Create | Villager (Male) |
Build order — KEVINWEN
131 actions detected in the replay
| 0:01 | Create | Villager (Male) |
| 0:15 | Create | Villager (Male) |
| 0:27 | Build | House |
| 0:37 | Create | Villager (Male) |
| 0:37 | Create | Villager (Male) |
| 1:00 | Build | House |
| 1:02 | Build | House |
| 1:07 | Build | House |
| 1:38 | Create | Villager (Male) |
| 2:29 | Create | Villager (Male) |
| 2:53 | Create | Villager (Male) |
| 3:05 | Create | Villager (Male) |
| 3:38 | Create | Villager (Male) |
| 4:27 | Create | Villager (Male) |
| 4:29 | Create | Villager (Male) |
| 5:15 | Create | Villager (Male) |
| 5:16 | Create | Villager (Male) |
| 5:16 | Create | Villager (Male) |
| 5:35 | Create | Villager (Male) |
| 6:21 | Build | Mill |
| 6:39 | Create | Villager (Male) |
| 7:11 | Build | Lumber Camp |
| 7:25 | Create | Villager (Male) |
| 7:43 | Create | Villager (Male) |
| 8:16 | Create | Villager (Male) |
| 8:25 | Build | House |
| 8:51 | Build | Farm |
| 8:52 | Build | Farm |
| 8:53 | Build | Farm |
| 8:53 | Build | Farm |
| 8:54 | Build | Farm |
| 9:06 | Create | Villager (Male) |
| 9:11 | Create | Villager (Male) |
| 9:18 | Build | Farm |
| 9:22 | Create | Villager (Male) |
| 9:38 | Build | Mining Camp |
| 9:46 | Create | Villager (Male) |
| 10:02 | Build | Farm |
| 10:10 | Create | Villager (Male) |
| 10:11 | Research | Feudal Age |
| 10:47 | Build | Mining Camp |
| 11:04 | Build | Farm |
| 12:25 | Build | Barracks |
| 13:21 | Age | Feudal Age |
| 13:26 | Build | Blacksmith |
| 13:38 | Create | Villager (Male) |
| 13:38 | Create | Villager (Male) |
| 14:17 | Build | Market |
| 14:29 | Create | Villager (Male) |
| 14:47 | Build | Farm |
| 15:03 | Research | Castle Age |
| 15:11 | Research | Double-Bit Axe |
| 15:19 | Create | Spearman |
| 15:20 | Create | Spearman |
| 15:20 | Create | Spearman |
| 16:11 | Research | Gold Mining |
| 16:12 | Research | Stone Mining |
| 17:13 | Build | House |
| 17:15 | Build | House |
| 17:26 | Build | Farm |
| 17:43 | Age | Castle Age |
| 17:50 | Research | Squires |
| 17:54 | Research | Pikeman (upgrade) |
| 17:58 | Research | Scale Mail Armor |
| 18:09 | Create | Villager (Male) |
| 18:10 | Create | Villager (Male) |
| 18:34 | Build | Town Center |
| 18:45 | Create | Villager (Male) |
| 19:10 | Create | Villager (Male) |
| 19:34 | Create | Villager (Male) |
| 19:39 | Create | Spearman |
| 19:41 | Research | Forging |
| 19:55 | Build | Castle |
| 20:00 | Build | Farm |
| 20:05 | Create | Villager (Male) |
| 20:20 | Build | Farm |
| 20:21 | Create | Villager (Male) |
| 20:45 | Create | Villager (Male) |
| 20:45 | Create | Villager (Male) |
| 20:54 | Build | Farm |
| 21:24 | Create | Boyar |
| 21:24 | Create | Boyar |
| 21:32 | Create | Villager (Male) |
| 21:35 | Create | Villager (Male) |
| 21:37 | Build | Farm |
| 21:43 | Build | Farm |
| 22:10 | Build | Farm |
| 22:14 | Build | Farm |
| 22:16 | Research | Bow Saw |
| 22:24 | Create | Villager (Male) |
| 23:01 | Research | Wheelbarrow |
| 23:05 | Build | Monastery |
| 23:50 | Create | Villager (Male) |
| 23:51 | Create | Villager (Male) |
| 23:58 | Research | Horse Collar |
| 24:09 | Build | University |
| 24:10 | Create | Monk |
| 24:19 | Research | Hand Cart |
| 24:21 | Build | Farm |
| 24:31 | Create | Villager (Male) |
| 24:37 | Create | Boyar |
| 25:05 | Build | Farm |
| 25:12 | Build | Farm |
| 25:20 | Create | Villager (Male) |
| 25:21 | Create | Villager (Male) |
| 25:35 | Create | Villager (Male) |
| 25:43 | Create | Villager (Male) |
| 25:51 | Build | Lumber Camp |
| 26:02 | Create | Boyar |
| 26:07 | Create | Boyar |
| 26:08 | Create | Boyar |
| 26:09 | Create | Boyar |
| 26:09 | Create | Boyar |
| 26:10 | Create | Boyar |
| 26:14 | Build | Farm |
| 26:34 | Build | Farm |
| 26:40 | Build | Farm |
| 26:58 | Research | Scale Barding Armor |
| 26:59 | Research | Iron Casting |
| 27:08 | Research | Ballistics |
| 27:27 | Create | Spearman |
| 27:27 | Create | Spearman |
| 27:30 | Build | Farm |
| 27:31 | Create | Boyar |
| 27:32 | Create | Boyar |
| 27:50 | Create | Spearman |
| 28:03 | Create | Boyar |
| 28:26 | Create | Spearman |
| 28:26 | Create | Spearman |
| 28:26 | Create | Spearman |
| 28:30 | Create | Boyar |
Build order — LB_小小leo
106 actions detected in the replay
| 0:03 | Build | House |
| 0:04 | Create | Villager (Male) |
| 0:05 | Create | Villager (Male) |
| 0:05 | Create | Villager (Male) |
| 0:07 | Build | House |
| 0:53 | Build | Lumber Camp |
| 1:49 | Create | Villager (Male) |
| 1:49 | Create | Villager (Male) |
| 1:49 | Create | Villager (Male) |
| 2:47 | Create | Villager (Male) |
| 2:47 | Create | Villager (Male) |
| 2:47 | Create | Villager (Male) |
| 3:47 | Create | Villager (Male) |
| 3:47 | Create | Villager (Male) |
| 4:14 | Build | Mill |
| 4:42 | Create | Villager (Male) |
| 4:42 | Create | Villager (Male) |
| 5:32 | Create | Villager (Male) |
| 5:32 | Create | Villager (Male) |
| 5:32 | Create | Villager (Male) |
| 5:33 | Create | Villager (Male) |
| 6:02 | Create | Villager (Male) |
| 6:02 | Create | Villager (Male) |
| 6:03 | Create | Villager (Male) |
| 6:28 | Build | House |
| 6:49 | Create | Villager (Male) |
| 6:49 | Create | Villager (Male) |
| 7:09 | Create | Villager (Male) |
| 7:09 | Create | Villager (Male) |
| 7:09 | Create | Villager (Male) |
| 8:52 | Research | Feudal Age |
| 9:48 | Create | Villager (Male) |
| 9:48 | Create | Villager (Male) |
| 10:15 | Build | House |
| 10:22 | Build | Farm |
| 10:29 | Build | Farm |
| 10:36 | Build | Farm |
| 10:43 | Build | Farm |
| 10:55 | Build | Farm |
| 10:57 | Create | Villager (Male) |
| 10:57 | Create | Villager (Male) |
| 10:59 | Create | Villager (Male) |
| 11:15 | Build | Farm |
| 11:17 | Age | Feudal Age |
| 11:38 | Build | Farm |
| 13:06 | Build | Blacksmith |
| 13:55 | Build | Market |
| 14:50 | Build | Mining Camp |
| 15:07 | Research | Castle Age |
| 15:25 | Build | Farm |
| 15:28 | Build | Farm |
| 15:34 | Build | Farm |
| 15:49 | Build | Farm |
| 16:58 | Research | Stone Mining |
| 17:28 | Build | House |
| 17:47 | Age | Castle Age |
| 18:00 | Create | Villager (Male) |
| 18:00 | Create | Villager (Male) |
| 18:00 | Create | Villager (Male) |
| 18:00 | Create | Villager (Male) |
| 18:01 | Create | Villager (Male) |
| 18:02 | Create | Villager (Male) |
| 19:02 | Build | Town Center |
| 20:21 | Build | Farm |
| 20:30 | Create | Villager (Male) |
| 20:30 | Create | Villager (Male) |
| 20:31 | Create | Villager (Male) |
| 20:33 | Create | Villager (Male) |
| 20:33 | Create | Villager (Male) |
| 20:34 | Create | Villager (Male) |
| 20:46 | Create | Villager (Male) |
| 20:47 | Create | Villager (Male) |
| 22:01 | Build | House |
| 22:19 | Research | Wheelbarrow |
| 22:22 | Research | Loom |
| 22:35 | Build | University |
| 22:42 | Research | Double-Bit Axe |
| 23:02 | Create | Villager (Male) |
| 23:02 | Create | Villager (Male) |
| 23:06 | Create | Villager (Male) |
| 23:06 | Create | Villager (Male) |
| 23:06 | Create | Villager (Male) |
| 23:44 | Build | Castle |
| 23:58 | Research | Gold Mining |
| 24:39 | Build | Stone Wall |
| 24:44 | Build | Building 490 |
| 25:29 | Create | Villager (Male) |
| 25:30 | Create | Villager (Male) |
| 25:30 | Create | Villager (Male) |
| 25:34 | Create | Villager (Male) |
| 25:34 | Create | Villager (Male) |
| 25:42 | Research | Bow Saw |
| 26:21 | Research | Corvinian Army |
| 26:34 | Research | Hand Cart |
| 27:26 | Build | Stone Wall |
| 27:39 | Create | Villager (Male) |
| 27:40 | Create | Villager (Male) |
| 27:40 | Create | Villager (Male) |
| 27:40 | Create | Villager (Male) |
| 27:45 | Create | Villager (Male) |
| 27:45 | Create | Villager (Male) |
| 27:45 | Create | Villager (Male) |
| 28:38 | Build | Farm |
| 28:58 | Build | Farm |
| 29:04 | Research | Imperial Age |
| 29:04 | Research | Imperial Age |
Build order — jayden轩
143 actions detected in the replay
| 0:12 | Create | Villager (Male) |
| 0:13 | Create | Villager (Male) |
| 0:13 | Create | Villager (Male) |
| 0:14 | Create | Villager (Male) |
| 0:23 | Build | House |
| 0:24 | Build | House |
| 2:35 | Create | Villager (Male) |
| 2:35 | Create | Villager (Male) |
| 2:47 | Create | Villager (Male) |
| 3:07 | Build | Lumber Camp |
| 3:10 | Create | Villager (Male) |
| 4:21 | Create | Villager (Male) |
| 4:22 | Create | Villager (Male) |
| 4:49 | Build | House |
| 5:53 | Create | Villager (Male) |
| 5:53 | Create | Villager (Male) |
| 5:53 | Create | Villager (Male) |
| 5:54 | Create | Villager (Male) |
| 6:57 | Create | Villager (Male) |
| 6:57 | Create | Villager (Male) |
| 7:27 | Build | Mill |
| 7:28 | Create | Villager (Male) |
| 7:47 | Build | House |
| 8:22 | Create | Villager (Male) |
| 8:26 | Build | House |
| 8:59 | Create | Villager (Male) |
| 8:59 | Create | Villager (Male) |
| 9:00 | Create | Villager (Male) |
| 9:00 | Create | Villager (Male) |
| 9:06 | Create | Villager (Male) |
| 9:12 | Build | House |
| 9:17 | Build | Mining Camp |
| 9:39 | Create | Villager (Male) |
| 9:52 | Build | Farm |
| 9:55 | Build | Farm |
| 9:57 | Build | Farm |
| 9:59 | Build | Farm |
| 10:02 | Build | Farm |
| 10:16 | Build | Mining Camp |
| 10:26 | Build | House |
| 10:33 | Build | Farm |
| 10:42 | Create | Villager (Male) |
| 10:42 | Create | Villager (Male) |
| 10:42 | Create | Villager (Male) |
| 10:44 | Create | Villager (Male) |
| 10:44 | Create | Villager (Male) |
| 10:44 | Create | Villager (Male) |
| 10:56 | Build | Farm |
| 11:22 | Build | Farm |
| 11:48 | Build | Farm |
| 12:51 | Research | Feudal Age |
| 14:06 | Build | Barracks |
| 15:19 | Build | House |
| 15:21 | Build | House |
| 15:23 | Build | House |
| 15:58 | Age | Feudal Age |
| 15:59 | Research | Wheelbarrow |
| 16:02 | Research | Double-Bit Axe |
| 16:05 | Research | Horse Collar |
| 16:11 | Build | Market |
| 16:16 | Build | Blacksmith |
| 17:24 | Research | Castle Age |
| 17:33 | Build | Mill |
| 17:55 | Research | Stone Mining |
| 18:35 | Research | Gold Mining |
| 20:04 | Age | Castle Age |
| 20:10 | Create | Villager (Male) |
| 20:11 | Create | Villager (Male) |
| 20:11 | Create | Villager (Male) |
| 20:11 | Create | Villager (Male) |
| 20:36 | Build | Castle |
| 20:59 | Research | Bow Saw |
| 21:02 | Research | Heavy Plow |
| 21:35 | Build | Town Center |
| 21:59 | Research | Hand Cart |
| 22:15 | Research | Squires |
| 22:36 | Research | Forging |
| 22:37 | Research | Fletching |
| 22:55 | Build | Town Center |
| 23:11 | Create | Villager (Male) |
| 23:11 | Create | Villager (Male) |
| 23:12 | Create | Villager (Male) |
| 23:12 | Create | Villager (Male) |
| 23:12 | Create | Villager (Male) |
| 23:13 | Create | Villager (Male) |
| 23:13 | Create | Villager (Male) |
| 23:25 | Build | Barracks |
| 23:37 | Create | Villager (Male) |
| 24:48 | Create | Villager (Male) |
| 24:48 | Create | Villager (Male) |
| 24:49 | Create | Villager (Male) |
| 24:49 | Create | Villager (Male) |
| 24:49 | Create | Villager (Male) |
| 24:50 | Create | Villager (Male) |
| 25:00 | Create | Villager (Male) |
| 25:22 | Build | Farm |
| 25:26 | Create | Villager (Male) |
| 25:26 | Create | Villager (Male) |
| 25:26 | Create | Villager (Male) |
| 25:37 | Create | Villager (Male) |
| 25:50 | Build | Farm |
| 25:57 | Research | Yeomen |
| 26:11 | Build | Farm |
| 26:20 | Create | Villager (Male) |
| 26:20 | Create | Villager (Male) |
| 26:20 | Create | Villager (Male) |
| 26:26 | Create | Villager (Male) |
| 26:26 | Create | Villager (Male) |
| 26:26 | Create | Villager (Male) |
| 26:35 | Build | Farm |
| 26:37 | Create | Villager (Male) |
| 27:06 | Build | Farm |
| 27:29 | Create | Longbowman |
| 27:29 | Create | Longbowman |
| 27:30 | Create | Longbowman |
| 27:30 | Create | Longbowman |
| 27:30 | Create | Longbowman |
| 27:31 | Create | Longbowman |
| 27:31 | Create | Longbowman |
| 27:31 | Create | Longbowman |
| 27:32 | Create | Longbowman |
| 27:32 | Create | Longbowman |
| 27:32 | Create | Longbowman |
| 27:33 | Create | Longbowman |
| 27:33 | Create | Longbowman |
| 27:34 | Create | Longbowman |
| 27:34 | Create | Longbowman |
| 27:48 | Create | Villager (Male) |
| 27:49 | Create | Villager (Male) |
| 27:49 | Create | Villager (Male) |
| 27:49 | Create | Villager (Male) |
| 27:51 | Create | Villager (Male) |
| 27:52 | Create | Villager (Male) |
| 27:57 | Create | Villager (Male) |
| 27:58 | Create | Villager (Male) |
| 27:58 | Create | Villager (Male) |
| 28:06 | Research | Gold Shaft Mining |
| 28:19 | Build | University |
| 28:59 | Build | House |
| 29:01 | Build | House |
| 29:02 | Build | House |
| 29:03 | Build | House |
| 29:04 | Build | House |
Build order — 家恒
First 150 of 205 actions detected
| 0:15 | Build | Mill |
| 0:17 | Create | Villager (Male) |
| 0:17 | Create | Villager (Male) |
| 0:17 | Create | Villager (Male) |
| 0:18 | Create | Villager (Male) |
| 1:58 | Create | Villager (Male) |
| 2:00 | Create | Villager (Male) |
| 2:27 | Create | Villager (Male) |
| 2:45 | Create | Villager (Male) |
| 3:14 | Build | Lumber Camp |
| 3:20 | Create | Villager (Male) |
| 3:53 | Create | Villager (Male) |
| 4:41 | Create | Villager (Male) |
| 4:45 | Create | Villager (Male) |
| 5:06 | Create | Villager (Male) |
| 5:57 | Create | Villager (Male) |
| 5:59 | Research | Feudal Age |
| 8:09 | Age | Feudal Age |
| 8:10 | Build | Farm |
| 8:10 | Build | Farm |
| 8:11 | Build | Farm |
| 8:11 | Build | Farm |
| 8:11 | Build | Farm |
| 8:11 | Build | Farm |
| 8:14 | Research | Horse Collar |
| 8:16 | Research | Double-Bit Axe |
| 8:34 | Build | Blacksmith |
| 8:38 | Build | Market |
| 8:53 | Create | Villager (Male) |
| 8:53 | Create | Villager (Male) |
| 8:57 | Create | Villager (Male) |
| 9:37 | Research | Castle Age |
| 9:43 | Build | Farm |
| 9:43 | Build | Farm |
| 9:43 | Build | Farm |
| 9:46 | Build | Farm |
| 12:21 | Create | Villager (Male) |
| 12:22 | Create | Villager (Male) |
| 12:23 | Age | Castle Age |
| 12:30 | Build | Monastery |
| 12:37 | Build | University |
| 12:53 | Build | Town Center |
| 13:14 | Research | Imperial Age |
| 13:28 | Build | Town Center |
| 14:18 | Research | Heavy Plow |
| 14:19 | Research | Bow Saw |
| 14:21 | Create | Villager (Male) |
| 14:21 | Create | Villager (Male) |
| 14:22 | Create | Villager (Male) |
| 14:22 | Create | Villager (Male) |
| 14:22 | Create | Villager (Male) |
| 14:23 | Create | Villager (Male) |
| 14:57 | Build | Barracks |
| 15:03 | Create | Villager (Male) |
| 15:27 | Create | Villager (Male) |
| 15:28 | Create | Villager (Male) |
| 15:28 | Create | Villager (Male) |
| 15:29 | Create | Villager (Male) |
| 15:29 | Create | Villager (Male) |
| 15:30 | Create | Villager (Male) |
| 15:54 | Build | Stable |
| 16:01 | Create | Villager (Male) |
| 16:24 | Age | Imperial Age |
| 16:52 | Research | Forging |
| 16:52 | Research | Scale Barding Armor |
| 16:56 | Create | Villager (Male) |
| 16:56 | Create | Villager (Male) |
| 16:57 | Create | Villager (Male) |
| 17:02 | Create | Villager (Male) |
| 17:02 | Create | Villager (Male) |
| 17:03 | Create | Villager (Male) |
| 17:03 | Create | Villager (Male) |
| 17:05 | Create | Villager (Male) |
| 17:05 | Create | Villager (Male) |
| 17:15 | Build | Mining Camp |
| 17:17 | Research | Two-Man Saw |
| 17:21 | Create | Villager (Male) |
| 17:22 | Create | Villager (Male) |
| 17:28 | Research | Husbandry |
| 17:29 | Research | Bloodlines |
| 17:33 | Research | Cavalier (upgrade) |
| 18:22 | Create | Villager (Male) |
| 18:22 | Create | Villager (Male) |
| 18:22 | Create | Villager (Male) |
| 18:23 | Create | Villager (Male) |
| 18:23 | Create | Villager (Male) |
| 18:23 | Create | Villager (Male) |
| 18:31 | Build | Farm |
| 18:31 | Build | Farm |
| 18:31 | Build | Farm |
| 18:32 | Build | Farm |
| 18:35 | Build | Farm |
| 19:03 | Build | Farm |
| 19:05 | Create | Villager (Male) |
| 19:06 | Create | Villager (Male) |
| 19:10 | Create | Villager (Male) |
| 19:16 | Research | Iron Casting |
| 19:17 | Research | Chain Barding Armor |
| 19:28 | Research | Stone Mining |
| 19:38 | Build | Mill |
| 19:40 | Build | Farm |
| 19:40 | Build | Farm |
| 19:41 | Build | Farm |
| 19:41 | Build | Farm |
| 19:42 | Build | Farm |
| 19:42 | Build | Farm |
| 19:43 | Build | Farm |
| 19:43 | Build | Farm |
| 19:44 | Build | Farm |
| 19:44 | Build | Farm |
| 19:52 | Create | Knight |
| 19:53 | Create | Knight |
| 19:54 | Create | Knight |
| 19:54 | Create | Knight |
| 19:54 | Create | Knight |
| 19:55 | Create | Knight |
| 19:58 | Build | Stable |
| 19:58 | Build | Stable |
| 20:00 | Build | Stable |
| 20:01 | Build | Stable |
| 20:44 | Build | Stable |
| 20:45 | Build | Stable |
| 20:45 | Build | Stable |
| 20:46 | Build | Stable |
| 20:47 | Build | Stable |
| 20:47 | Build | Stable |
| 21:21 | Research | Paladin (upgrade) |
| 21:28 | Research | Blast Furnace |
| 21:41 | Research | Plate Barding Armor |
| 22:03 | Research | Wheelbarrow |
| 22:03 | Research | Town Watch |
| 22:12 | Research | Town Watch |
| 22:13 | Create | Villager (Male) |
| 22:14 | Create | Villager (Male) |
| 22:14 | Create | Villager (Male) |
| 22:14 | Create | Villager (Male) |
| 22:15 | Create | Villager (Male) |
| 22:15 | Create | Villager (Male) |
| 22:15 | Create | Villager (Male) |
| 22:36 | Build | Mill |
| 22:37 | Build | Farm |
| 22:37 | Build | Farm |
| 22:38 | Build | Farm |
| 22:38 | Build | Farm |
| 22:38 | Build | Farm |
| 22:55 | Create | Knight |
| 22:55 | Create | Knight |
| 22:56 | Create | Knight |
| 22:56 | Create | Knight |
| 23:23 | Build | Mining Camp |
Match timeline
| 0:04 | go · resign |
| 8:09 | 家恒 · age_up feudal |
| 11:17 | LB_小小leo · age_up feudal |
| 11:57 | Yolgezer442 · first_building Barracks |
| 12:00 | Tsukitech · age_up feudal |
| 12:14 | 喜多川海梦 · age_up feudal |
| 12:23 | 家恒 · age_up castle |
| 12:25 | KEVINWEN · first_building Barracks |
| 12:30 | 家恒 · first_building Monastery |
| 13:21 | KEVINWEN · age_up feudal |
| 14:06 | jayden轩 · first_building Barracks |
| 14:57 | 家恒 · first_building Barracks |
| 15:02 | LB_小小leo · first_market_sell 100 food |
| 15:13 | Yolgezer442 · age_up feudal |
| 15:44 | Yolgezer442 · first_building Archery Range |
| 15:54 | 家恒 · first_building Stable |
| 15:58 | jayden轩 · age_up feudal |
| 16:24 | 家恒 · age_up imperial |
| 17:43 | KEVINWEN · age_up castle |
| 17:47 | LB_小小leo · age_up castle |
| 18:45 | Tsukitech · age_up castle |
| 19:34 | Tsukitech · first_building Castle |
| 19:38 | 喜多川海梦 · first_building Barracks |
| 19:55 | KEVINWEN · first_building Castle |
| 20:04 | jayden轩 · age_up castle |
| 20:36 | jayden轩 · first_building Castle |
| 20:36 | 喜多川海梦 · first_building Stable |
| 21:58 | 喜多川海梦 · age_up castle |
| 22:27 | Yolgezer442 · age_up castle |
| 23:05 | KEVINWEN · first_building Monastery |
| 23:44 | LB_小小leo · first_building Castle |
| 24:39 | LB_小小leo · wall_segment Stone Wall x35 |
| 24:46 | Yolgezer442 · first_building Castle |
| 24:50 | 家恒 · first_building Castle |
| 24:57 | 喜多川海梦 · first_building Castle |
| 27:26 | LB_小小leo · wall_segment Stone Wall x36 |
| 27:48 | Tsukitech · first_market_buy 100 food |
| 28:52 | Tsukitech · first_building Barracks |
[ AI ANALYSIS · 1 CREDIT ]
What really happened in this match?
Wolo.gg analyzes every decision: build order, eco, micro, common mistakes by bracket. Personalized analysis on WhatsApp or Discord in 30 seconds.
Civ guide
Byzantines
Map guide
Aftermath
Perfil
喜多川海梦